 Dungeon Crawl Stone Soup version 0.19.5 (webtiles) character file.

8899 saplan25 the Cleaver (level 11, 0/95 HPs)
             Began as a Minotaur Fighter on May 13, 2017.
             Was an Initiate of Ru.
             Succumbed to a spiny frog's poison
             ... on level 1 of the Lair of Beasts.
             The game lasted 00:39:24 (11055 turns).

saplan25 the Cleaver (Minotaur Fighter)            Turns: 11055, Time: 00:39:25

Health: 0/95       AC: 13    Str: 28    XL:     11   Next: 16%
Magic:  10/10      EV: 11    Int:  5    God:    Ru [......]
Gold:   495        SH: 19    Dex: 11    Spells: 0 memorised, 10 levels left

rFire  + . .     SeeInvis .     a - +0 war axe
rCold  . . .     Gourm    .     b - +2 chain mail {rF+}
rNeg   . . .     Faith    .     q - +0 large shield
rPois  .         Spirit   .     (helmet restricted)
rElec  .         Reflect  .     (no cloak)
rCorr  .         Harm     .     (no gloves)
MR     .....                    (no boots)
Stlth  ..........               (no amulet)
                                m - +4 ring of evasion
                                C - ring of stealth

@: mighty, lethally poisoned (0 -> -1)
A: retaliatory headbutt, horns 2
a: Sacrifice Resistance, Sacrifice Nimbleness, Sacrifice Health, Reject
Sacrifices, Renounce Religion


You were on level 1 of the Lair of Beasts.
You worshipped Ru.
Ru was noncommittal.
You were not hungry.

You visited 3 branches of the dungeon, and saw 12 of its levels.

You collected 495 gold pieces.

Inventory:

Hand Weapons
 a - a +0 war axe (weapon)
Missiles
 l - 319 stones (quivered)
 o - 64 bolts
Armour
 b - a +2 chain mail of fire resistance (worn)
 c - a +0 shield
 q - a +0 large shield (worn)
Jewellery
 m - a +4 ring of evasion (right hand)
 C - a ring of stealth (left hand)
 J - a cursed ring of loudness {unknown}
Wands
 i - a wand of flame (17/48)
 s - a wand of iceblast (6/15)
Scrolls
 e - 2 scrolls of teleportation
 j - 4 scrolls of remove curse
 r - 2 scrolls of amnesia {unknown}
 t - a scroll of recharging {unknown}
 u - a scroll of fear {unknown}
 v - 6 scrolls of identify {unknown}
 y - a scroll of blinking {unknown}
 A - 2 scrolls of brand weapon {unknown}
 D - a scroll of torment {unknown}
 H - 2 scrolls of fog {unknown}
 I - a scroll of random uselessness {unknown}
Potions
 g - 7 potions of curing {unknown}
 h - a potion of degeneration {unknown}
 n - a potion of haste {unknown}
 p - 3 potions of cancellation {unknown}
 w - a potion of brilliance {unknown}
 x - 2 potions of invisibility {unknown}
 z - 3 potions of flight {unknown}
 B - a potion of magic {unknown}
 F - a potion of cure mutation {unknown}
Books
 G - a book of Conjurations

   Spells                             Type                      Level
   a - Magic Dart                     Conjuration                  1
   b - Searing Ray                    Conjuration                  2
   c - Dazzling Spray                 Conjuration/Hexes            3
   d - Fulminant Prism                Conjuration/Hexes            4
   e - Iskenderun's Mystic Blast      Conjuration                  4
   f - Iskenderun's Battlesphere      Conjuration/Charms           5
Comestibles
 f - 3 beef jerkies
 E - 3 meat rations
 K - 10 royal jellies


   Skills:
 + Level 8.4 Fighting
 + Level 13.1 Axes
 + Level 9.3 Armour
 + Level 3.2 Dodging
 + Level 1.3 Stealth
 + Level 10.8 Shields


You had 10 spell levels left.
You didn't know any spells.

Dungeon Overview and Level Annotations

Branches:
Dungeon (10/15)            Temple (1/1) D:5            Lair (1/6) D:10
    Orc: D:9-12

Altars:
Ashenzari
Cheibriados
Dithmenos
Elyvilon
Fedhas
Gozag
Hepliaklqana
Kikubaaqudgha
Makhleb
Nemelex Xobeh
Okawaru
Qazlal
Ru
Sif Muna
Trog
Uskayaw
Vehumet
Xom
Yredelemnul
Zin
The Shining One

Shops:
D:5 =

Annotations:
D:9 exclusions: ice statue and orange crystal statue


Innate Abilities, Weirdness & Mutations

You reflexively headbutt those who attack you in melee.
You have a pair of horns on your head.


Message History

* * * LOW HITPOINT WARNING * * *
You feel sick.
* * * LOW HITPOINT WARNING * * *
You feel sick.
* * * LOW HITPOINT WARNING * * *
You feel sick.
* * * LOW HITPOINT WARNING * * *
You feel sick.
* * * LOW HITPOINT WARNING * * *
You feel sick.
* * * LOW HITPOINT WARNING * * *
You feel sick.
* * * LOW HITPOINT WARNING * * *
You feel sick.
You feel very mighty all of a sudden.
* * * LOW HITPOINT WARNING * * *
You feel sick.
* * * LOW HITPOINT WARNING * * *
You feel sick.
You die...

####.....##P##+###
........................
........................
........................
..........<.............
........................
####......#######.....#
####.............P....#
..##............@.....#
..#P.....#............#
..##.....#.......#....+
..#.......+♣.....#....#
####.....#.♣.#...# .....
###..........#...# ...#.
......##........## ..#
.....##.........## ..#
.....#...........## .#


There were no monsters in sight!

Vanquished Creatures
  A hill giant (D:8)
  An elephant (D:10)
  A guardian serpent (D:9)
  A gargoyle (D:10)
  3 spiny frogs (Lair:1)
  2 rime drakes (Lair:1)
  A hornet (D:10)
  The ghost of GordonOverkill the Slasher, an amateur HESk of Trog (D:4)
  6 slime creatures (D:10)
  A hippogriff (D:10)
  A wraith (D:10)
  Eustachio (D:5)
  Menkaure (D:7)
  A water moccasin (D:8)
  3 ice beasts
  A sky beast (D:5)
  3 phantoms
  An orc warrior (D:10)
  4 ogres
  5 centaurs
  2 crocodiles (D:10)
  A big kobold (D:9)
  6 bullfrogs
  A gnoll sergeant (D:7)
  A wyvern skeleton (D:8)
  2 scorpions (D:10)
  4 killer bees (D:9)
  2 howler monkeys (D:7)
  A crimson imp (D:9)
  A centaur zombie (D:9)
  4 jellies
  4 orc priests
  A centaur skeleton (D:6)
  2 hounds
  11 orc wizards
  Terence (D:2)
  Ijyb (D:3)
  2 iguanas (D:9)
  11 worker ants
  A hound skeleton (D:9)
  Robin (D:3)
  9 gnolls
  12 adders
  A shadow imp (D:5)
  5 oozes (D:9)
  4 worms
  A dart slug (D:1)
  9 leopard geckos
  33 orcs
  A ball python (D:3)
  6 bats
  5 giant cockroaches
  15 goblins
  13 hobgoblins
  A jackal (D:7)
  2 quokkas
  4 frilled lizards
  11 kobolds
  2 leopard gecko zombies
  5 rats
  A withered plant (D:5)
239 creatures vanquished.

Vanquished Creatures (others)
  A bush (Lair:1)
  2 fungi (Lair:1)
  A withered plant (D:5)
4 creatures vanquished.

Grand Total: 243 creatures vanquished

Notes
Turn   | Place    | Note
-------+----------+-------------------------------------------
     0 | D:1      | saplan25 the Minotaur Fighter began the quest for the Orb.
     0 | D:1      | Reached XP level 1. HP: 19/19 MP: 0/0
   665 | D:1      | Reached XP level 2. HP: 27/27 MP: 1/1
  1777 | D:1      | Reached skill level 3 in Axes
  1792 | D:1      | Reached XP level 3. HP: 33/33 MP: 2/2
  2223 | D:2      | Reached XP level 4. HP: 40/40 MP: 3/3
  2553 | D:3      | Noticed Terence
  2574 | D:2      | Killed Terence
  2574 | D:2      | Reached skill level 4 in Axes
  3069 | D:3      | Found a sacrificial altar of Ru.
  3070 | D:3      | Found a shadowy altar of Dithmenos.
  3087 | D:3      | Became a worshipper of Ru the Awakened
  3189 | D:3      | Noticed Ijyb
  3203 | D:3      | Killed Ijyb
  3203 | D:3      | Reached XP level 5. HP: 46/46 MP: 4/4
  3291 | D:3      | Noticed Robin
  3300 | D:3      | Killed Robin
  3300 | D:3      | Reached skill level 5 in Armour
  3466 | D:3      | Reached skill level 5 in Axes
  3466 | D:3      | Reached skill level 1 in Dodging
  3507 | D:3      | Reached XP level 6. HP: 48/52 MP: 5/5
  3706 | D:3      | Reached skill level 5 in Shields
  3791 | D:4      | Found a bloodstained altar of Trog.
  3800 | D:4      | Found a sparkling altar of Nemelex Xobeh.
  3940 | D:4      | Reached skill level 6 in Axes
  3942 | D:4      | Noticed GordonOverkill's ghost (amateur HESk)
  3972 | D:4      | Killed GordonOverkill's ghost
  3972 | D:4      | Reached XP level 7. HP: 29/60 MP: 6/6
  4010 | D:3      | Found a hide-covered altar of Uskayaw.
  4516 | D:4      | Reached skill level 7 in Axes
  4874 | D:5      | Entered Level 5 of the Dungeon
  4876 | D:5      | Found a staircase to the Ecumenical Temple.
  4885 | Temple   | Entered the Ecumenical Temple
  4903 | D:5      | Noticed Eustachio
  4935 | D:5      | Killed Eustachio
  4935 | D:5      | Reached skill level 5 in Fighting
  4935 | D:5      | Reached XP level 8. HP: 47/68 MP: 7/7
  5003 | D:5      | Found a basalt altar of Yredelemnul.
  5263 | D:5      | Found Jauth's Jewellery Shoppe.
  5475 | D:5      | Reached skill level 8 in Axes
  5504 | D:5      | Found a hazy altar of Hepliaklqana.
  6499 | D:6      | Reached skill level 9 in Axes
  6511 | D:6      | Found a snail-covered altar of Cheibriados.
  6704 | D:7      | Reached XP level 9. HP: 64/75 MP: 8/8
  6895 | D:7      | Found a blossoming altar of Fedhas.
  6957 | D:7      | Noticed Menkaure
  6962 | D:7      | Killed Menkaure
  6962 | D:7      | Reached skill level 10 in Axes
  7949 | D:8      | Noticed a hill giant
  7958 | D:8      | Killed a hill giant
  7958 | D:8      | Reached skill level 11 in Axes
  7986 | D:8      | Found a shattered altar of Ashenzari.
  8312 | D:9      | Noticed an orange crystal statue
  8396 | D:9      | Noticed a guardian serpent
  8412 | D:9      | Killed a guardian serpent
  8412 | D:9      | Reached XP level 10. HP: 23/84 MP: 9/9
  9220 | D:9      | Noticed an ice statue
  9240 | D:10     | Entered Level 10 of the Dungeon
  9244 | D:10     | Reached skill level 1 in Stealth
  9300 | D:10     | Noticed an elephant
  9301 | D:10     | Found a staircase to the Lair.
  9308 | D:10     | Killed an elephant
  9312 | D:10     | Reached skill level 12 in Axes
  9338 | D:10     | Reached skill level 10 in Shields
  9867 | D:10     | Noticed a gargoyle
  9880 | D:10     | Killed a gargoyle
 10545 | Lair:1   | Entered Level 1 of the Lair of Beasts
 10554 | Lair:1   | Noticed a spiny frog
 10562 | Lair:1   | Killed a spiny frog
 10562 | Lair:1   | Reached XP level 11. HP: 59/94 MP: 10/10
 10925 | Lair:1   | Reached skill level 13 in Axes
 11045 | Lair:1   | HP: 4/95 [poisoned by a spiny frog]
 11051 | Lair:1   | HP: 1/95 [poisoned by a spiny frog]
 11055 | Lair:1   | Succumbed to a spiny frog's poison

Skill      XL: |  1  2  3  4  5  6  7  8  9 10 11 |
---------------+----------------------------------+-----
Armour         | 4 5 6 7 8 9 |  9.3
Axes           | 3 4 5 6 7 9 11 12 13 | 13.1
Shields        | 4 5 6 7 9 10 | 10.8
Fighting       | 4 5 6 8 |  8.4
Dodging        | 1 2 3 |  3.2
Stealth        | 1 |  1.3

Action                   |  1- 3 |  4- 6 |  7- 9 | 10-12 || total
-------------------------+-------+-------+-------+-------++-------
Melee: War axe           |    81 |   204 |   327 |   202 ||   814
       Headbutt          |    12 |    34 |    82 |    57 ||   185
  Use: Scroll            |     1 |     1 |     2 |     1 ||     5
       Potion            |       |       |       |     2 ||     2
  Eat: Bread ration      |     1 |       |     3 |     1 ||     5
       Meat ration       |       |     1 |       |     1 ||     2
       Pizza             |       |     1 |       |     1 ||     2
Armor: Scale mail        |    13 |       |       |       ||    13
       Plate armour      |    26 |    48 |       |       ||    74
       Chain mail        |       |    41 |   120 |    47 ||   208
Dodge: Dodged            |    23 |    74 |   122 |    59 ||   278
Block: Shield            |    32 |   101 |   224 |    17 ||   374
       Large shield      |       |       |       |   169 ||   169
